 Dungeon Crawl Stone Soup version 0.24.0-123-gd5b16e6ec5 (webtiles) character file.

Game seed: 11978566316167920043, levelgen mode: deterministic

108 Johnny the Poker (level 4, -9/36 HPs)
             Began as a Demigod Gladiator on Jan 26, 2020.
             Engulfed by Ijyb's freezing vapour (18 damage)
             ... on level 3 of the Dungeon.
             The game lasted 00:02:13 (2476 turns).

Johnny the Poker (Demigod Gladiator)                Turns: 2476, Time: 00:02:13

Health: -9/36      AC:  4    Str: 19    XL:     4   Next: 33%
Magic:  6/6        EV: 13    Int: 12    God:
Gold:   80         SH:  0    Dex: 17    Spells: 3/3 levels left

rFire    . . .     SeeInvis +   q - +0 halberd
rCold    . . .     Gourm    .   (shield currently unavailable)
rNeg     . . .     Faith    .   b - +0 leather armour
rPois    .         Spirit   .   c - +0 helmet
rElec    .         Reflect  .   (no cloak)
rCorr    .         Harm     .   (no gloves)
MR       .....                  (no boots)
Stlth    +.........             (no amulet)
HPRegen  0.12/turn              o - ring of see invisible
MPRegen  0.10/turn              (no ring)

@: no status effects
A: high mp 1
a: no special abilities


You were on level 3 of the Dungeon.
You were hungry.

You visited 1 branch of the dungeon, and saw 3 of its levels.

You collected 80 gold pieces.

Inventory:

Hand Weapons
 a - a +0 trident
 q - a +0 halberd (weapon)
Missiles
 d - 3 throwing nets (quivered)
Armour
 b - a +0 leather armour (worn)
 c - a +0 helmet (worn)
Jewellery
 o - a ring of see invisible (left hand)
Scrolls
 g - a scroll of teleportation {unknown}
 h - 3 scrolls of identify {unknown}
 j - a scroll of amnesia {unknown}
 l - a scroll of remove curse {unknown}
 p - a scroll of enchant armour {unknown}
Potions
 e - a potion of brilliance {unknown}
 i - a potion of cancellation {unknown}
 k - a potion of degeneration {unknown}
 m - a potion of flight {unknown}
 n - a potion of haste
 r - 2 potions of curing {unknown}
Comestibles
 f - 6 rations


   Skills:
 - Level 1.7 Fighting
 + Level 4.9 Polearms
 - Level 1.7 Throwing
 - Level 2.6 Dodging


You had 3 spell levels left.
You didn't know any spells.
Your spell library was empty.

Dungeon Overview and Level Annotations

Branches:
Dungeon (3/15)

Annotations:
D:3 Ijyb


Innate Abilities, Weirdness & Mutations

You have an increased reservoir of magic. (+10% MP)


Message History

Okay, then.
Ijyb struggles against the net.
Attack whom?
Press: ? - help, Dir - move target cursor, f - Ijyb
Aim: Ijyb, wearing a +0 leather armour and carrying a wand of clouds (6) (entangled in a net)
You reach to attack!
You hit Ijyb.
Ijyb is lightly wounded.
Ijyb zaps a wand.
Ijyb creates a blast of freezing vapour!
Ijyb struggles against the net.
You are engulfed in freezing vapours.
Ouch! That really hurt!
* * * LOW HITPOINT WARNING * * *
Ijyb zaps a wand.
Ijyb creates a blast of freezing vapour!
Ijyb struggles against the net.
The net rips apart, and Ijyb comes free!
You are engulfed in freezing vapours.
Ouch! That really hurt!
You die...

### ... #.# #.# ##
#.############## #.#
##...†gg§§§@...###########
##.###.############...........#
....#..#### ###########.#
...h......# #.# ...###.##.# #.#
g. #.# # #.# . ... #.# #.#. #.#
.... ##### ### #.#


You could see Ijyb and a hobgoblin.

Vanquished Creatures
  An adder (D:2)
  4 gnolls
  3 worms
  2 dart slugs
  A leopard gecko (D:2)
  2 giant cockroaches (D:2)
  5 goblins
  4 hobgoblins
  6 jackals
  4 kobolds
  A quokka (D:2)
  4 bats
  4 frilled lizards
  7 rats
48 creatures vanquished.

Vanquished Creatures (others)
  A jackal (D:3)
1 creature vanquished.

Grand Total: 49 creatures vanquished

Notes
Turn   | Place    | Note
-------+----------+-------------------------------------------
     0 | D:1      | Johnny the Demigod Gladiator began the quest for the Orb.
     0 | D:1      | Reached XP level 1. HP: 17/17 MP: 3/3
    31 | D:1      | Reached skill level 3 in Polearms
   449 | D:1      | Reached XP level 2. HP: 24/24 MP: 4/4
  1158 | D:2      | Reached XP level 3. HP: 25/29 MP: 5/5
  1192 | D:2      | Reached skill level 4 in Polearms
  2054 | D:2      | Reached XP level 4. HP: 5/36 MP: 6/6
  2353 | D:3      | Found a sparkling altar of Nemelex Xobeh.
  2353 | D:3      | Found a sacrificial altar of Ru.
  2420 | D:3      | Noticed Ijyb
  2476 | D:3      | Engulfed by Ijyb's freezing vapour

Levels and vault maps discovered:
D:1:      saegor_arrival_simple_d, layout_loops_corners, serial_bayou,
          serial_bayou_pond_c, serial_bayou_ford_a, serial_bayou_shore_b,
          serial_bayou_lake_a
D:2:      layout_basic, first_ration, chequers_serial_rivers_micro_e
D:3:      layout_loops_ring, minitemple, st_stairs_3, fedhas_ov_isle_minmay,
          uniq_robin, uniq_ijyb

Skill      XL: |  1  2  3 |
---------------+----------+-----
Polearms       | 3 4 |  4.9
Fighting       | |  1.7
Throwing       | |  1.7
Dodging        | |  2.6

Action                   |  1- 3 |  4- 6 || total
-------------------------+-------+-------++-------
Melee: Trident           |   142 |     4 ||   146
       Halberd           |       |     8 ||     8
Throw: Throwing net      |       |     1 ||     1
  Use: Potion            |     1 |       ||     1
 Stab: Sleeping          |     2 |       ||     2
  Eat: Ration            |     1 |       ||     1
       Chunk             |     1 |       ||     1
Armor: Leather armour    |    31 |     2 ||    33
Dodge: Dodged            |    62 |     5 ||    67
